 Dungeon Crawl Stone Soup version 0.28-a0-724-g66f9036eb4 (webtiles) character file.

Game seed: 1643126955226290379

0 meatgazer the Skirmisher (level 1, -3/18 HPs)
             Began as a Demonspawn Abyssal Knight on Oct 26, 2021.
             Was a Follower of Lugonu.
             Slain by a thrashing horror (7 damage)
             ... on level 2 of the Abyss.
             The game lasted 00:00:43 (153 turns).

meatgazer the Skirmisher (Demonspawn Abyssal Knight) Turns: 153, Time: 00:00:43

Health: -3/18      AC:  3    Str: 13    XL:     1   Next: 0%
Magic:  2/2        EV: 11    Int: 11    God:    Lugonu [*.....]
Gold:   25         SH:  0    Dex: 13    Spells: 0/0 levels left

rFire   . . .      SeeInvis .   a - +1 falchion
rCold   . . .      Faith    .   (no shield)
rNeg    . . .      Spirit   .   b - +0 leather armour
rPois   .          Reflect  .   (no helmet)
rElec   .          Harm     .   (no cloak)
rCorr   .          Rampage  .   (no gloves)
Will    .....                   (no boots)
Stlth   +.........              (no amulet)
HPRegen 0.06/turn               (no ring)
MPRegen 0.08/turn               (no ring)

@: no status effects
A: no striking features
a: Renounce Religion, Depart the Abyss


You were on level 2 of the Abyss.
You worshipped Lugonu.
Lugonu was aware of your devotion.
You visited 0 branches of the dungeon, and saw 0 of its levels.
You visited the Abyss 1 time.

You collected 25 gold pieces.

Inventory:

Hand Weapons
 a - a +1 falchion (weapon)
Armour
 b - a +0 leather armour (worn)
Wands
 c - a wand of digging (3)


   Skills:
 + Level 3.0 Fighting
 + Level 1.7 Long Blades
 + Level 1.7 Armour
 + Level 0.8 Dodging
 + Level 2.4 Invocations


You couldn't memorise any spells.
You didn't know any spells.
Your spell library contained the following spells:

 Spells                   Type           Power      Damage    Failure   Level
 Gell's Gravitas          Tloc           0%         N/A       80%         3
 Lesser Beckoning         Tloc           0%         N/A       80%         3
 Teleport Other           Tloc           0%         N/A       80%         3


Dungeon Overview and Level Annotations

Branches:
Dungeon (0/15)

Altars:

Annotations:
Abyss:2 1 transporter


Message History

You plunge deeper into the Abyss.
Found a transporter.
Found a gateway leading out of the Abyss.
The raiju barks!
You hear a roar!
Found 19 gold pieces.
The thrashing horror roars!
No reachable target in view!
c - a wand of digging (3)
You now have 25 gold pieces.
A tentacled starspawn comes into view.
You aren't carrying any scrolls.
You aren't carrying any potions.
Aiming: Dig
Press: ? - help, Shift-Dir - straight line, f - you Please select a direction to dig.
Okay, then.
You start waiting.
A lurking horror emerges from chaos.
A lurking horror is nearby!
A lurking horror is nearby!
A lurking horror is nearby!
You start waiting.
A lurking horror is nearby!
A lurking horror is nearby!
You closely miss the lurking horror.
Your body is wracked with pain!
A spatial vortex comes into view.
A thrashing horror comes into view.
The thrashing horror roars!
A spatial vortex comes into view.
A spatial vortex comes into view.
The thrashing horror tramples you.
You stumble backwards!
A thrashing horror comes into view.
The thrashing horror barely misses you.
The thrashing horror tramples you but does no damage.
The thrashing horror roars!
You hear a shout!
The thrashing horror tramples you.
* * * LOW HITPOINT WARNING * * *
You stumble backwards!
The thrashing horror tramples you!
You die...

.##.v ## ..v. ##
.##.v# ##.
.#..## # ..##
#....##.. #
.#.##........#
...
#.#.X.........
#...##.#...#..
###.
#..@X##.###.#
#.......#....# #
#..ยง#.##.#.##.#
# #.# #.
#..##.#..# #.. #
##.##....##
#.....#. ## ..
##.###..# #
#####.. .## # #
.# ....#.# #


You could see 2 thrashing horrors.

Vanquished Creatures (others)
  A lurking horror (Abyss:2)
1 creature vanquished.

Notes
Turn   | Place    | Note
-------+----------+-------------------------------------------
     0 | Abyss:1  | meatgazer the Demonspawn Abyssal Knight began the quest for
                  | the Orb.
     0 | Abyss:1  | Reached XP level 1. HP: 18/18 MP: 2/2
    40 | Abyss:2  | Found a transporter.
    41 | Abyss:2  | Noticed a raiju
    44 | Abyss:2  | Noticed an orange crystal statue
    45 | Abyss:2  | Noticed a thrashing horror
    45 | Abyss:2  | Noticed a tentacled starspawn
    82 | Abyss:2  | Noticed a tentacled starspawn
   147 | Abyss:2  | Noticed a spatial vortex
   148 | Abyss:2  | Noticed a thrashing horror
   148 | Abyss:2  | Noticed a spatial vortex
   149 | Abyss:2  | Noticed a spatial vortex
   151 | Abyss:2  | Noticed a thrashing horror
   153 | Abyss:2  | Slain by a thrashing horror

Illustrated notes

Levels and vault maps discovered:
Abyss:2:  base: Temple, base: Temple, gammafunk_abyss_exit_x_factor,
          gammafunk_abyss_exit_x_factor

Action                   || total
-------------------------++-------
Melee: Falchion          ||     1
Armor: Leather armour    ||     1
Dodge: Dodged            ||     1

Table legend: (Time is in decaauts)
 A = Elapsed time spent in this place.
 B = Non-inter-level travel time spent in this place.
 C = Inter-level travel time spent in this place.
 D = Time resting spent in this place.
 E = Time spent auto-exploring this place.
 F = Levels seen in this place.
 G = Mean time per level.
                   A        B        C        D        E       F      G
               +--------+--------+--------+--------+--------+-----+--------+
         Total |    152 |    152 |      0 |     54 |     53 |   2 |   76.0 |
         Abyss |    152 |    152 |      0 |     54 |     53 |   2 |   76.0 |
               +--------+--------+--------+--------+--------+-----+--------+

Top non-repeatable levels by time:
 Abyss:2: 140 daAuts
 Abyss:1: 12 daAuts
